[Event "Team 45 45 League T36"]
[Site "Internet Chess Club"]
[Date "2008.01.26"]
[Round "1"]
[White "furrbrain"]
[Black "taijifan"]
[Result "0-1"]
[WhiteElo "1178"]
[BlackElo "1289"]
[Opening "Caro-Kann: classical variation"]
[ECO "B18"]
[Time "15:56:14"]
[TimeControl "2700+45"]

1. e4 c6 2. d4 d5 3. Nc3 dxe4 4. Nxe4 Bf5 5. Nc5 e5 6. Qe2 Qxd4 7. Be3 Qb4+ 8.
c3 Qa5 9. Nxb7 Qc7 10. Nc5 Bxc5 11. Bxc5 Nd7 12. Bd4 Ne7 13. Be3 O-O 14. Nf3 h6
15. Nh4 Bh7 16. Qg4 f5 17. Bc4+ Kh8 18. Qh5 Nf6 19. Qf3 g5 20. Nxf5 Nxf5 21. Bd3
Nh4 22. Qe2 Nxg2+ 23. Kd2 Rad8 24. Bc5 Rxd3+ 25. Kc2 Re3+ 26. Kd2 Rxe2+ 27. Kxe2
Nf4+ 28. Kf3 e4+ 29. Ke3 Rd8 30. Bd4 Ng2+ 31. Ke2 Qf4 32. Rad1 Kg8 33. Rhf1 Ng4
34. f3 exf3+ 35. Rxf3 Qe4+ 36. Be3 Rxd1 {White resigns} 0-1

[Event "Team 45 45 League T36"]
[Site "Internet Chess Club"]
[Date "2008.01.27"]
[Round "1"]
[White "SeniorCitizen"]
[Black "carolinaknight"]
[Result "1-0"]
[WhiteElo "1335"]
[BlackElo "1319"]
[Opening "French: advance, Steinitz variation"]
[ECO "C02"]
[Time "16:06:00"]
[TimeControl "2700+45"]

1. e4 e6 2. d4 d5 3. e5 c5 4. dxc5 Bxc5 5. Qg4 Bf8 6. Bd3 Nc6 7. Nf3 Qc7 8. Qf4
Nb4 9. a3 Nxd3+ 10. cxd3 Ne7 11. d4 Ng6 12. Qd2 Be7 13. Qc3 Qd8 14. O-O O-O 15.
Be3 Bd7 16. Qd2 h6 17. Nc3 Nh4 18. Nxh4 Bxh4 19. Ne2 Bb5 20. Rfe1 Be7 21. Ng3 f6
22. Bf4 Be8 23. Rac1 fxe5 24. dxe5 Rxf4 25. Qxf4 Bg5 26. Qd4 Bxc1 27. Rxc1 b6
28. Ne2 Bh5 29. Nf4 Bf7 30. h3 Qg5 31. Rc7 Qf5 32. Ne2 Be8 33. Qf4 Qb1+ 34. Kh2
Qxb2 35. Nd4 Qxa3 36. Nxe6 Bb5 37. Qf7+ {Black resigns} 1-0

[Event "Team 45 45 League T36"]
[Site "Internet Chess Club"]
[Date "2008.01.28"]
[Round "1"]
[White "WzeroMN"]
[Black "chips"]
[Result "0-1"]
[WhiteElo "1143"]
[BlackElo "1218"]
[Opening "Owen defense"]
[ECO "B00"]
[Time "16:06:36"]
[TimeControl "2700+45"]

1. e4 b6 2. d4 Bb7 3. d5 d6 4. Nf3 Nf6 5. Nc3 Nbd7 6. Bb5 a6 7. Ba4 a5 8. Bb5
Ba6 9. O-O g6 10. Bxa6 Rxa6 11. a4 Bg7 12. Qe2 Qc8 13. Nb5 Ra8 14. Qc4 Nc5 15.
Re1 O-O 16. e5 Nfd7 17. Bg5 Re8 18. b3 f6 19. e6 Ne5 20. Nxe5 fxe5 21. Be3 e4
22. Rad1 c6 23. Nc3 Qa6 24. Qxa6 Rxa6 25. Bd4 cxd5 26. Bxg7 Kxg7 27. Nxd5 Nxe6
28. Rxe4 Kf7 29. Rde1 Nc5 30. Rf4+ Kg7 31. Nc7 e5 32. Rf3 e4 33. Rfe3 Re5 34.
Nxa6 Nxa6 35. Rxe4 Rc5 36. c4 Nb4 37. Re6 Nd3 38. Rd1 Nb2 39. Rd5 Rc8 40. Rexd6
Nxc4 41. Rd7+ Kh6 42. Rd4 Ne5 43. Rh4+ Kg5 44. Rhxh7 Rc1+ {White resigns} 0-1

[Event "Team 45 45 League T36"]
[Site "Internet Chess Club"]
[Date "2008.01.27"]
[Round "1"]
[White "bmw2002"]
[Black "DaveTheRook"]
[Result "0-1"]
[WhiteElo "1682"]
[BlackElo "1668"]
[Opening "English, 1...Nf6 (Anglo-Indian defense)"]
[ECO "A15"]
[Time "15:12:35"]
[TimeControl "2700+45"]

1. c4 Nf6 2. g3 g6 3. Bg2 Bg7 4. Nc3 d6 5. d3 O-O 6. Bg5 c6 7. Qd2 Qa5 8. Nf3
Nbd7 9. O-O Ne5 10. Rfd1 Nxf3+ 11. Bxf3 Bh3 12. a3 Rfe8 13. b4 Qc7 14. b5 e5 15.
bxc6 bxc6 16. Rab1 Rab8 17. Rb4 a5 18. Rxb8 Rxb8 19. Na4 Rb3 20. Qa2 Qb7 21. c5
Be6 22. cxd6 Rxd3 23. Qc2 Rxd1+ 24. Qxd1 Nd7 25. Qc1 Qb3 26. Bxc6 Bf8 27. Be7
Bg7 28. Bxd7 Bxd7 29. Nc5 Bh6 30. e3 Qb5 31. Nxd7 Qxd7 32. Qc7 Qf5 33. Qd8+ Kg7
34. Bf6+ Qxf6 35. Qxf6+ Kxf6 36. Kf1 Ke6 37. Ke2 e4 38. Kd2 Kxd6 39. Kc3 Kc5 40.
Kb3 Bg7 41. Ka4 Bc3 {White resigns} 0-1

[Event "Team 45 45 League T36"]
[Site "Internet Chess Club"]
[Date "2008.01.27"]
[Round "1"]
[White "Endgamer"]
[Black "Luckydawg"]
[Result "0-1"]
[WhiteElo "1560"]
[BlackElo "1668"]
[Opening "Pirc: classical, h3 system"]
[ECO "B08"]
[Time "23:28:49"]
[TimeControl "2700+45"]

1. e4 d6 2. Nf3 Nf6 3. Nc3 g6 4. d4 Bg7 5. h3 O-O 6. Be2 c5 7. dxc5 Qa5 8. O-O
Qxc5 9. Be3 Qa5 10. Nd2 Nc6 11. Nb3 Qd8 12. h4 h5 13. f3 Re8 14. g4 hxg4 15.
fxg4 Ne5 16. g5 Nfg4 17. Bf4 Qb6+ 18. Kg2 Ne3+ 19. Bxe3 Qxe3 20. Qd2 Qh3+ 21.
Kg1 Qg3+ 22. Kh1 Qxh4+ 23. Kg1 Qg3+ 24. Kh1 Ng4 25. Qf4 Qxf4 26. Rxf4 Bxc3 27.
bxc3 Ne5 28. Nd2 Kg7 29. Rh4 Be6 30. Kg2 Rh8 31. Rxh8 Rxh8 32. a3 Rc8 33. c4
Bxc4 34. Bxc4 Nxc4 35. Nf3 Ne5 36. Nd4 Rc4 37. Rd1 Nc6 38. Nb3 Rxc2+ 39. Rd2
Rxd2+ 40. Nxd2 Kf8 41. a4 a6 42. Kf3 b5 43. axb5 axb5 44. Nb3 Ke8 45. Ke3 Kd7
46. Kd3 Ke6 47. Nd2 Ke5 48. Ke3 Nd4 49. Kd3 f6 50. Ke3 f5 51. Kd3 fxe4+ 52. Nxe4
Ne6 53. Ke3 d5 54. Nf2 d4+ 55. Kd3 Nc5+ 56. Kc2 Kf4 57. Kd2 Ne4+ 58. Nxe4 Kxe4
59. Ke2 b4 {White resigns} 0-1

[Event "Team 45 45 League T36"]
[Site "Internet Chess Club"]
[Date "2008.01.26"]
[Round "1"]
[White "Mantra"]
[Black "Dostoy"]
[Result "1/2-1/2"]
[WhiteElo "1566"]
[BlackElo "1637"]
[Opening "English: closed system"]
[ECO "A25"]
[Time "11:02:06"]
[TimeControl "2700+45"]

1. c4 e5 2. g3 Nc6 3. Bg2 g6 4. Nc3 Bg7 5. e4 d6 6. Nge2 Bg4 7. h3 Be6 8. b3 Nf6
9. O-O Qd7 10. Kh2 O-O 11. d3 h6 12. Be3 a6 13. Qd2 Kh7 14. Rad1 Ne8 15. f4 f5
16. fxe5 dxe5 17. exf5 Bxf5 18. d4 exd4 19. Nxd4 Nxd4 20. Bxd4 Bxd4 21. Qxd4
Qxd4 22. Rxd4 c6 23. g4 Ng7 24. gxf5 Nxf5 25. Rd7+ Kg8 26. Ne4 Rae8 27. Nd6 Re2
28. Nxf5 gxf5 29. Rfd1 f4 30. Kg1 f3 31. Rd8 Rxg2+ 32. Kh1 Rxd8 33. Rxd8+ Kf7
34. Rd3 Rg3 35. Kh2 f2 36. Kxg3 f1=Q 37. Rf3+ Qxf3+ 38. Kxf3 Kf6 39. Kf4 c5 40.
Ke4 Ke6 41. Kf4 {Game drawn by mutual agreement} 1/2-1/2

[Event "Team 45 45 League T36"]
[Site "Internet Chess Club"]
[Date "2008.01.26"]
[Round "1"]
[White "Ocho-Cinco"]
[Black "GrandPoobah069"]
[Result "1-0"]
[WhiteElo "1751"]
[BlackElo "1680"]
[Opening "Sicilian: Najdorf, Opocensky variation"]
[ECO "B92"]
[Time "15:58:57"]
[TimeControl "2700+45"]

1. e4 c5 2. Nf3 d6 3. d4 cxd4 4. Nxd4 Nf6 5. Nc3 a6 6. Be2 e5 7. Nf3 Be7 8. Bg5
Be6 9. Qd2 Nbd7 10. Rd1 Rc8 11. O-O Rxc3 12. Bxf6 Nxf6 13. Qxc3 Nxe4 14. Qe1 Nc5
15. Nxe5 O-O 16. Nd3 Ne4 17. Bf3 Nc5 18. Nxc5 dxc5 19. Rxd8 Rxd8 20. b3 {Black
resigns} 1-0

[Event "Team 45 45 League T36"]
[Site "Internet Chess Club"]
[Date "2008.01.27"]
[Round "1"]
[White "C-Jones"]
[Black "Gamebler"]
[Result "0-1"]
[WhiteElo "1602"]
[BlackElo "1555"]
[Opening "Sicilian: accelerated fianchetto, modern variation"]
[ECO "B34"]
[Time "11:00:16"]
[TimeControl "2700+45"]

1. e4 c5 2. Nf3 Nc6 3. d4 cxd4 4. Nxd4 g6 5. Nc3 Bg7 6. Nxc6 bxc6 7. Bc4 d6 8.
Qf3 Nf6 9. e5 dxe5 10. Qxc6+ Bd7 11. Qf3 O-O 12. O-O Bg4 13. Qg3 Qd4 14. Bb3 Nh5
15. Qe3 Rfd8 16. h3 Bd7 17. Qf3 Nf6 18. Bg5 e4 19. Qg3 Qd6 20. Qxd6 exd6 21.
Rad1 Bc6 22. Bd5 Nxd5 23. Nxd5 Bxd5 24. Bxd8 Bc4 25. Rxd6 Bxf1 26. Kxf1 Bxb2 27.
Bg5 Rc8 28. Rd8+ Rxd8 29. Bxd8 Bc3 30. g4 f5 31. gxf5 gxf5 32. Ke2 Kf7 33. Bg5
Ke6 34. Bd2 Bxd2 35. Kxd2 f4 36. c4 Kd6 37. Kc3 Kc5 38. a3 a6 39. h4 h5 40. a4
a5 {White resigns} 0-1

[Event "Team 45 45 League T36"]
[Site "Internet Chess Club"]
[Date "2008.01.26"]
[Round "1"]
[White "Tyler"]
[Black "BraafPaard"]
[Result "0-1"]
[WhiteElo "1400"]
[BlackElo "1583"]
[Opening "Four knights: Italian variation"]
[ECO "C55"]
[Time "09:07:49"]
[TimeControl "2700+45"]

1. e4 e5 2. Nf3 Nc6 3. Bc4 Nf6 4. Nc3 d6 5. d3 Be7 6. h3 Na5 7. Bd5 c6 8. Bb3
Nxb3 9. axb3 h6 10. O-O O-O 11. Be3 Re8 12. Qd2 Bf8 13. Ne2 d5 14. exd5 Nxd5 15.
c3 a6 16. c4 Bb4 17. Qc2 Nxe3 18. fxe3 Bf5 19. Nc1 c5 20. Qf2 Bg6 21. e4 Re7 22.
Qg3 Ba5 23. Nxe5 Bc7 24. Nxf7 Qd4+ 25. Qf2 Qxf2+ 26. Rxf2 Rxf7 27. Re2 Raf8 28.
Re1 Be5 29. Rb1 Bd4+ 30. Kh2 Rf1 31. Rxf1 Rxf1 32. Kg3 Be5+ 33. Kg4 h5+ 34. Kg5
Kh7 35. Kh4 Rg1 36. g4 hxg4 37. hxg4 Kh6 38. Kh3 Kg5 39. b4 cxb4 40. b3 Bf4 41.
d4 Rxc1 42. Rxc1 Bxc1 43. e5 Be3 44. d5 Bc5 45. d6 Bxd6 46. exd6 Kf6 47. c5 Ke6
48. Kh4 Be8 49. Kg5 a5 50. Kf4 a4 51. bxa4 Bxa4 52. Ke4 b3 53. Kd4 b2 54. Ke4
b1=Q+ 55. Kf4 Qb4+ 56. Kg5 Qxc5+ 57. Kg6 Qxd6 58. Kxg7 Qf4 59. Kg6 b5 60. g5 b4
61. Kh7 Qxg5 {White resigns} 0-1

[Event "Team 45 45 League T36"]
[Site "Internet Chess Club"]
[Date "2008.01.28"]
[Round "1"]
[White "DonPacheco"]
[Black "kublai"]
[Result "1-0"]
[WhiteElo "1482"]
[BlackElo "1251"]
[Opening "King's Indian: Four pawns attack, dynamic line"]
[ECO "E76"]
[Time "16:58:56"]
[TimeControl "2700+45"]

1. d4 Nf6 2. c4 g6 3. Nc3 Bg7 4. e4 d6 5. f4 O-O 6. Nf3 c5 7. d5 b5 8. cxb5 a6
9. a4 e6 10. Be2 axb5 11. Bxb5 Bd7 12. dxe6 Bxb5 13. Nxb5 Nxe4 14. Qd5 Qa5+ 15.
Nd2 Nxd2 16. Bxd2 Qxb5 17. Qxa8 Qd3 18. exf7+ Kxf7 19. Qb7+ Kg8 20. O-O-O Na6
21. Qxg7+ Kxg7 22. Bc3+ Qxc3+ 23. bxc3 Rf6 24. g3 Nc7 25. c4 Ne8 26. Rhe1 Kf7
27. a5 Nc7 28. Kc2 Na6 29. Kc3 Nb4 30. Ra1 {Black resigns} 1-0

[Event "Team 45 45 League T36"]
[Site "Internet Chess Club"]
[Date "2008.01.26"]
[Round "1"]
[White "fileman"]
[Black "miltools"]
[Result "0-1"]
[WhiteElo "1860"]
[BlackElo "1859"]
[Opening "Sicilian: Grand Prix attack"]
[ECO "B21"]
[Time "08:31:17"]
[TimeControl "2700+45"]

1. e4 c5 2. f4 Nc6 3. Nf3 d6 4. Bb5 Bd7 5. O-O Nf6 6. Nc3 g6 7. d4 cxd4 8. Nxd4
Bg7 9. Nxc6 bxc6 10. Bc4 O-O 11. Qe1 Nxe4 12. Qxe4 d5 13. Nxd5 cxd5 14. Bxd5 Rc8
15. c3 Bf5 16. Qf3 Qa5 17. Be3 Qb5 18. Bb3 a5 19. Qd5 Qe2 20. Bd4 Be4 21. Qg5
Bxd4+ 22. cxd4 Qxb2 23. Qe5 Qxg2# {White checkmated} 0-1

[Event "Team 45 45 League T36"]
[Site "Internet Chess Club"]
[Date "2008.01.24"]
[Round "1"]
[White "QueensCounselor"]
[Black "pishd"]
[Result "1-0"]
[WhiteElo "1828"]
[BlackElo "1826"]
[Opening "Caro-Kann: exchange variation"]
[ECO "B13"]
[Time "15:03:41"]
[TimeControl "2700+45"]

1. e4 c6 2. d4 d5 3. exd5 cxd5 4. Bd3 Nc6 5. c3 Qc7 6. Ne2 Bg4 7. f3 Bd7 8. Bf4
e5 9. dxe5 Nxe5 10. Bc2 Bd6 11. Qxd5 Nf6 12. Qd2 O-O 13. O-O Rad8 14. a4 Bc6 15.
Nd4 Nc4 16. Bxd6 Rxd6 17. Qf2 Re8 18. Na3 Nxa3 19. Rxa3 b6 20. Raa1 Rd5 21. Rfe1
Rh5 22. Rxe8+ Bxe8 23. Qg3 Qxg3 24. hxg3 Re5 25. Kf2 Nd5 26. Re1 Rxe1 27. Kxe1
Ne3 28. Bb3 Bd7 29. Kf2 Nf5 30. Nxf5 Bxf5 31. Ke3 Kf8 32. g4 Bd7 33. Bc2 Ke7 34.
b4 Kd6 35. g5 Be6 36. f4 g6 37. g3 Bg4 38. Kd4 Be6 39. c4 Bg4 40. Bb3 Bd7 41.
c5+ bxc5+ 42. bxc5+ Ke7 43. a5 Bb5 44. Ke5 Ba6 45. Bd5 Bc8 46. c6 Ba6 47. c7 Bc8
48. Bc6 Ba6 49. Bb5 Bc8 50. a6 Kf8 51. Kf6 Be6 52. Bc6 {Black resigns} 1-0

[Event "Team 45 45 League T36"]
[Site "Internet Chess Club"]
[Date "2008.01.25"]
[Round "1"]
[White "Vitruvian"]
[Black "Fegary"]
[Result "0-1"]
[WhiteElo "1800"]
[BlackElo "1958"]
[Opening "Pirc: Sveshnikov system"]
[ECO "B07"]
[Time "09:06:16"]
[TimeControl "2700+45"]

1. e4 d6 2. d4 Nf6 3. Nc3 g6 4. g3 Bg7 5. Bg2 c6 6. a4 O-O 7. h3 e5 8. Nge2 Qc7
9. O-O Rd8 10. Be3 b6 11. Qd2 Nbd7 12. Bg5 Bb7 13. Rad1 Rac8 14. Rfe1 Re8 15. d5
cxd5 16. Nb5 Qb8 17. exd5 a6 18. Nbc3 Qc7 19. g4 Qc4 20. Ng3 Nc5 21. b3 Qd4 22.
Nce4 Qxd2 23. Rxd2 Nfxe4 24. Nxe4 Nxe4 25. Bxe4 b5 26. axb5 axb5 27. Ra1 Ra8 28.
Rdd1 h5 29. Kh2 hxg4 30. hxg4 Kf8 31. Kg3 Rec8 32. Bd2 Ke7 33. Bb4 Bh6 34. Rxa8
Rxa8 35. Rh1 Bf4+ 36. Kf3 Ra6 37. Rh7 Ra1 38. Ke2 Ra8 39. Kd3 Ra1 40. f3 Bxd5
41. Bxg6 Rf1 42. Be4 Bxe4+ 43. Kxe4 Ke6 44. Rh3 Rd1 {White resigns} 0-1

[Event "Team 45 45 League T36"]
[Site "Internet Chess Club"]
[Date "2008.01.26"]
[Round "1"]
[White "superbeast"]
[Black "Mater"]
[Result "1-0"]
[WhiteElo "1665"]
[BlackElo "1743"]
[Opening "English, 1...Nf6 (Anglo-Indian defense)"]
[ECO "A15"]
[Time "09:58:45"]
[TimeControl "2700+45"]

1. c4 Nf6 2. g3 d5 3. cxd5 Nxd5 4. Bg2 e6 5. Nc3 g6 6. Nf3 Bg7 7. O-O O-O 8. d4
c5 9. Bg5 Qa5 10. Nxd5 exd5 11. Be7 Re8 12. Bxc5 b6 13. b4 Qb5 14. Bd6 Qxe2 15.
Qxe2 Rxe2 16. Rfe1 Rxe1+ 17. Rxe1 Bd7 18. Ne5 Be6 19. Rc1 Nd7 20. Nxd7 Rd8 21.
Be7 Bh6 22. Nf6+ Kg7 23. f4 Rb8 24. Nxd5 Rb7 25. Nc7 {Black resigns} 1-0

[Event "Team 45 45 League T36"]
[Site "Internet Chess Club"]
[Date "2008.01.29"]
[Round "1"]
[White "oldsj"]
[Black "hondocando"]
[Result "1-0"]
[WhiteElo "1551"]
[BlackElo "1574"]
[Opening "Owen defense"]
[ECO "B00"]
[Time "19:59:50"]
[TimeControl "2700+45"]

1. e4 b6 2. d4 e6 3. Nf3 g6 4. Bb5 a6 5. Ba4 Bb7 6. Nbd2 c5 7. c3 b5 8. Bc2 c4
9. O-O h5 10. Re1 Bh6 11. Nf1 Nf6 12. Bxh6 Rxh6 13. Qd2 Rh8 14. Ng5 Nh7 15. Nxh7
Rxh7 16. Ng3 h4 17. Ne2 g5 18. Qe3 Nc6 19. e5 Rg7 20. Be4 Qc7 21. Rad1 Ne7 22.
Kf1 O-O-O 23. Ng1 Nd5 24. Qd2 f5 25. exf6 Nxf6 26. Bxb7+ Qxb7 27. Nh3 Rf8 28.
Qe2 g4 29. Nf4 h3 30. Qe5 hxg2+ 31. Nxg2 g3 32. Qc5+ Kd8 33. Qxf8+ Ne8 34. fxg3
Rg6 35. Kg1 Rf6 36. Qh8 Qd5 37. Rf1 Rxf1+ 38. Rxf1 Qe4 39. Qh4+ Qxh4 40. Nxh4
Ng7 41. g4 Ke7 42. Ng6+ Kd6 43. Ne5 Ne8 44. Kg2 Nc7 45. h4 Nd5 46. Rf3 a5 47. g5
b4 48. g6 Ne7 49. h5 Nf5 50. Kf2 Ke7 51. Rxf5 exf5 52. h6 bxc3 53. bxc3 d6 54.
h7 dxe5 55. h8=Q exd4 {Black resigns} 1-0

[Event "Team 45 45 League T36"]
[Site "Internet Chess Club"]
[Date "2008.01.26"]
[Round "1"]
[White "AlPearson"]
[Black "scottrugby"]
[Result "0-1"]
[WhiteElo "1475"]
[BlackElo "1489"]
[Opening "English: symmetrical variation"]
[ECO "A34"]
[Time "12:03:52"]
[TimeControl "2700+45"]

1. c4 c5 2. Nc3 g6 3. Nf3 Bg7 4. g3 b6 5. Bg2 Bb7 6. O-O Nf6 7. d4 cxd4 8. Nxd4
Bxg2 9. Kxg2 O-O 10. Qc2 Nc6 11. Nxc6 dxc6 12. Rd1 Qc7 13. Bf4 e5 14. Bg5 b5 15.
Bxf6 Bxf6 16. Ne4 Qe7 17. Nxf6+ Qxf6 18. Rd7 Qe6 19. Rad1 Qxc4 20. Qxc4 bxc4 21.
Rc7 Rfc8 22. Rdd7 Rxc7 23. Rxc7 Rb8 24. Rxc6 Rxb2 25. a4 Rb4 26. a5 Ra4 27. a6
Kf8 28. f3 Ke7 29. Rc7+ Kd6 30. Rxa7 c3 31. Ra8 Kc7 32. Ra7+ Kb8 33. Rb7+ Kc8
34. Rb3 Rxa6 35. Rxc3+ Kd7 36. Kf2 Rc6 37. Ra3 Ke6 38. h4 h5 39. g4 hxg4 40.
fxg4 f5 41. g5 f4 42. Rh3 Kf5 43. Rh1 Kg4 44. e3 Rc2+ 45. Kg1 Rc1+ 46. Kg2 Rxh1
47. Kxh1 Kxh4 48. exf4 exf4 49. Kg2 Kxg5 50. Kf3 Kf5 51. Kf2 g5 52. Kf3 g4+ 53.
Kg2 Ke4 54. Kf2 f3 55. Kf1 Ke3 56. Ke1 g3 57. Kf1 f2 58. Kg2 Ke2 59. Kxg3 f1=Q
60. Kg4 Qf3+ 61. Kg5 Ke3 62. Kg6 Ke4 63. Kg5 Qf5+ 64. Kh6 Qg4 65. Kh7 Kf5 66.
Kh8 Kf6 67. Kh7 Qg7# {White checkmated} 0-1

[Event "Team 45 45 League T36"]
[Site "Internet Chess Club"]
[Date "2008.01.29"]
[Round "1"]
[White "Cataclysm"]
[Black "Zyme"]
[Result "0-1"]
[WhiteElo "1284"]
[BlackElo "1429"]
[Opening "French: Tarrasch, closed variation"]
[ECO "C05"]
[Time "14:05:18"]
[TimeControl "2700+45"]

1. e4 e6 2. d4 d5 3. Nd2 Nf6 4. e5 Nfd7 5. f4 c5 6. c3 Nc6 7. Ndf3 cxd4 8. Nxd4
Bc5 9. Ngf3 a6 10. g3 O-O 11. Bh3 Nxd4 12. Nxd4 Nb8 13. Be3 Ba7 14. Qc2 Nc6 15.
O-O-O Bd7 16. Rhg1 Rc8 17. Nxc6 Bxe3+ 18. Kb1 Rxc6 19. Rg2 b5 20. Qd3 Ba7 21. g4
Qb6 22. f5 Qe3 23. Qxe3 Bxe3 24. g5 exf5 25. Rxd5 Be6 26. Rd6 Rxd6 27. exd6 Bf4
28. Rf2 Bxd6 29. Bxf5 Bxf5+ 30. Rxf5 Bxh2 31. Rf2 Bg1 32. Re2 f6 33. gxf6 Rxf6
34. b4 Rf1+ 35. Kc2 Rf2 36. Rxf2 Bxf2 37. Kd2 Kf7 38. Kd3 Ke6 39. c4 bxc4+ 40.
Kxc4 h5 41. b5 axb5+ 42. Kxb5 h4 43. a4 h3 {White resigns} 0-1

[Event "Team 45 45 League T36"]
[Site "Internet Chess Club"]
[Date "2008.01.26"]
[Round "1"]
[White "t-hobbes"]
[Black "JimGaming"]
[Result "0-1"]
[WhiteElo "1262"]
[BlackElo "1294"]
[Opening "Nimzo-Indian defense"]
[ECO "E20"]
[Time "13:06:25"]
[TimeControl "2700+45"]

1. d4 Nf6 2. c4 e6 3. Nc3 Bb4 4. Bd2 O-O 5. Nf3 b6 6. e4 Bxc3 7. Bxc3 Nxe4 8.
Bb4 Re8 9. Ne5 d6 10. Nxf7 Kxf7 11. Qf3+ Kg8 12. Qxe4 d5 13. Qf3 Nc6 14. Bc3 Rf8
15. Qg3 Ne7 16. Bd3 c5 17. O-O Nf5 18. Qe5 Qd6 19. Bxf5 Qxe5 20. dxe5 Rxf5 21.
cxd5 exd5 22. Rfe1 Be6 23. b4 d4 24. Bd2 c4 25. Rad1 Raf8 26. f4 c3 27. Bc1 Rd8
28. g4 Rff8 29. f5 Bxa2 30. e6 Rfe8 31. e7 Rd7 32. Bg5 d3 33. f6 c2 34. Rd2 h6
35. Rf2 hxg5 36. f7+ Bxf7 37. Ref1 Rexe7 38. Rd2 Re2 39. Rxe2 dxe2 40. Re1 Rd1
41. Kf2 Bc4 42. h3 c1=Q {White resigns} 0-1

[Event "Team 45 45 League T36"]
[Site "Internet Chess Club"]
[Date "2008.01.26"]
[Round "1"]
[White "tmac63"]
[Black "WannaB"]
[Result "1-0"]
[WhiteElo "1052"]
[BlackElo "1107"]
[Opening "Sicilian"]
[ECO "B50"]
[Time "20:31:15"]
[TimeControl "2700+45"]

1. e4 c5 2. Nf3 d6 3. Nc3 e6 4. Bb5+ Nd7 5. e5 a6 6. Bc4 Be7 7. O-O b5 8. Be2 f6
9. d4 fxe5 10. dxe5 Nxe5 11. Nxe5 dxe5 12. Qxd8+ Bxd8 13. Bf3 Rb8 14. Be3 c4 15.
Ba7 Bc7 16. Bxb8 Bxb8 17. Rad1 Ne7 18. Bh5+ g6 19. Bg4 O-O 20. Rd2 Nc6 21. Rfd1
Bc7 22. Ne4 Ba5 23. Rd6 Nd4 24. c3 Nf5 25. Bxf5 exf5 26. Ng5 Bc7 27. Rc6 Rd8 28.
Re1 Bd6 29. g3 b4 30. Rxc4 a5 31. Ra1 h6 32. Nf3 e4 33. Nd4 f4 34. Nc6 Re8 35.
Rd1 Re6 36. Nd8 Re8 37. Rxd6 Ba6 38. Rc7 Bb5 39. Rxg6+ Kf8 40. Ne6+ Rxe6 41.
Rxe6 Bc4 42. Rc8+ Kf7 43. Rb6 Bxa2 44. Rc7+ {Black resigns} 1-0

[Event "Team 45 45 League T36"]
[Site "Internet Chess Club"]
[Date "2008.01.26"]
[Round "1"]
[White "Rhel"]
[Black "malihini"]
[Result "1-0"]
[WhiteElo "1451"]
[BlackElo "1298"]
[Opening "QGD Slav: 4.e3 Bf5"]
[ECO "D12"]
[Time "15:03:36"]
[TimeControl "2700+45"]

1. d4 d5 2. c4 c6 3. Nf3 Bf5 4. e3 Nf6 5. Nc3 e6 6. Nh4 Bb4 7. Bd2 O-O 8. Nxf5
exf5 9. cxd5 Nxd5 10. Nxd5 Bxd2+ 11. Qxd2 Qxd5 12. f3 Nd7 13. a3 Rfe8 14. Rc1 b5
15. Kf2 Re6 16. Bd3 Rae8 17. Rhe1 f4 18. exf4 Qxd4+ 19. Kf1 Nc5 20. Bxh7+ {Black
resigns} 1-0

[Event "Team 45 45 League T36"]
[Site "Internet Chess Club"]
[Date "2008.01.25"]
[Round "1"]
[White "supraholic"]
[Black "otib2006"]
[Result "0-1"]
[WhiteElo "1250"]
[BlackElo "1229"]
[Opening "Sicilian"]
[ECO "B50"]
[Time "17:03:17"]
[TimeControl "2700+45"]

1. e4 c5 2. Nf3 d6 3. Bc4 Nf6 4. Nc3 g6 5. O-O Bg7 6. Ng5 e6 7. e5 dxe5 8. Nce4
O-O 9. d3 h6 10. Nxf6+ Bxf6 11. Ne4 Bg7 12. Be3 b6 13. Qd2 g5 14. h4 f5 15. hxg5
f4 16. gxh6 fxe3 17. Qxe3 Bf6 18. Qg3+ Kh7 19. f3 Nc6 20. Nxf6+ Qxf6 21. Kf2 Nd4
22. c3 Nf5 23. Qh3 Qh4+ 24. Qxh4 Nxh4 25. Rh1 Nf5 26. Rae1 Nd6 27. Rxe5 Nxc4 28.
dxc4 Rf5 29. Re4 Rf6 30. Reh4 e5 31. g4 Bb7 32. R1h3 e4 33. g5 Rxf3+ 34. Rxf3
exf3 35. b4 Rg8 36. Rg4 Bc8 37. Rg3 Bb7 38. Rg4 Bc8 39. Kxf3 Bxg4+ 40. Kxg4 Re8
41. Kh5 Re5 42. Kg4 Kg6 {White resigns} 0-1

[Event "Team 45 45 League T36"]
[Site "Internet Chess Club"]
[Date "2008.01.26"]
[Round "1"]
[White "gilalva"]
[Black "CoasterBrake"]
[Result "0-1"]
[WhiteElo "1120"]
[BlackElo "1101"]
[Opening "Caro-Kann defense"]
[ECO "B10"]
[Time "20:12:07"]
[TimeControl "2700+45"]

1. e4 c6 2. f4 e5 3. Nf3 exf4 4. e5 d5 5. d4 c5 6. Bxf4 Nc6 7. Bb5 Qa5+ 8. Nc3
cxd4 9. Nxd4 Bd7 10. Bxc6 bxc6 11. O-O Bc5 12. Kh1 Bxd4 13. Qxd4 Qb6 14. Qd1
Qxb2 15. Na4 Qb4 16. c3 Qb7 17. Nc5 Qc8 18. e6 fxe6 19. Be5 Nf6 20. Bxf6 gxf6
21. Qh5+ Kd8 22. Qf7 Kc7 23. Rxf6 Rf8 24. Qxf8 Qxf8 25. Rxf8 Rxf8 26. Na6+ Kd6
27. Nb4 c5 28. Nd3 Bc6 29. Kg1 Bb5 30. Nc1 Rf1# {White checkmated} 0-1

[Event "Team 45 45 League T36"]
[Site "Internet Chess Club"]
[Date "2008.01.27"]
[Round "1"]
[White "killer21"]
[Black "aksuw"]
[Result "1/2-1/2"]
[WhiteElo "2210"]
[BlackElo "2070"]
[Opening "QGD: 5...c6"]
[ECO "D51"]
[Time "04:58:03"]
[TimeControl "2700+45"]

1. d4 d5 2. c4 c6 3. Nc3 Nf6 4. Bg5 e6 5. e3 Nbd7 6. f4 Be7 7. c5 b6 8. b4 bxc5
9. bxc5 Qa5 10. Qd2 Ba6 11. Bxa6 Qxa6 12. Nge2 O-O 13. O-O Rfb8 14. Rfb1 Bd8 15.
Bxf6 Nxf6 16. Qc2 Bc7 17. h3 h5 18. Nd1 Ne4 19. Nf2 Nxf2 20. Kxf2 Rxb1 21. Rxb1
Rb8 22. Rxb8+ Bxb8 23. Qb3 Bc7 24. g4 hxg4 25. hxg4 f5 26. gxf5 exf5 27. Qb1 Qc8
28. Ng1 Bd8 29. Nf3 Bf6 30. a4 Kf7 31. Ne5+ Bxe5 32. dxe5 g6 33. Qh1 Kg7 34. Qh4
Qf8 35. Qg5 Qxc5 36. Qf6+ Kh7 37. Qf7+ Kh6 38. Qg8 Qe7 39. Qh8+ Qh7 40. Qf6 d4
41. e6 dxe3+ 42. Kxe3 Qg8 43. Qh4+ Kg7 44. Qe7+ Kh6 45. Qd7 g5 46. Qxc6 gxf4+
47. Kxf4 Qg5+ 48. Ke5 f4+ 49. Kd6 Qf6 50. Qh1+ Kg5 51. Qg1+ Kf5 52. Qc5+ Kg4 53.
Kd7 f3 54. e7 Qf7 55. Qd4+ Kg3 56. Kd8 f2 57. Qd3+ Kg2 58. e8=Q Qxe8+ 59. Kxe8
f1=Q 60. Qxf1+ Kxf1 61. a5 Kf2 62. Kd7 Ke3 63. Kc6 Kd4 64. a6 Ke5 65. Kc7 Kd5
66. Kd7 Kc5 67. Kc7 Kd5 68. Kb7 Kd6 69. Kxa7 Kc7 70. Ka8 Kc8 71. a7 Kc7 {White
stalemated} 1/2-1/2

[Event "Team 45 45 League T36"]
[Site "Internet Chess Club"]
[Date "2008.01.26"]
[Round "1"]
[White "Speedy-Reedy"]
[Black "Terte"]
[Result "0-1"]
[WhiteElo "2008"]
[BlackElo "2181"]
[Opening "Sicilian: Smith-Morra gambit"]
[ECO "B21"]
[Time "06:07:23"]
[TimeControl "2700+45"]

1. e4 c5 2. d4 cxd4 3. c3 dxc3 4. Nxc3 Nc6 5. Nf3 d6 6. Bc4 e6 7. O-O Be7 8. Qe2
Bd7 9. Rd1 a6 10. a3 Nf6 11. Bg5 O-O 12. Bxf6 gxf6 13. Nd4 Kh8 14. Qh5 Ne5 15.
Be2 Rg8 16. Nf3 Rg7 17. Nxe5 fxe5 18. Bf1 Qg8 19. Qh3 Bc6 20. Rd3 Rf8 21. Rad1
f5 22. exf5 Rxf5 23. Rg3 Rxg3 24. hxg3 Qf7 25. f3 d5 26. g4 Bc5+ 27. Kh2 Rf6 28.
Ne2 Qg7 29. Ng3 Be8 30. Rc1 Rh6 31. Nh5 Qf8 32. Qg3 Bd6 33. Rc8 e4 34. f4 Bxf4
35. Qxf4 Qxf4+ 36. Kg1 Qf7 {White forfeits on time} 0-1